 Dungeon Crawl Stone Soup version 0.23.0-3-gf3c87f2 (webtiles) character file.

Game seed: 10450008776976035382

83 misha the Ducker (level 4, -3/34 HPs)
             Began as a Merfolk Gladiator on Feb 22, 2019.
             Slain by Sigmund
             ... wielding a +0 scythe
              (11 damage)
             ... on level 2 of the Dungeon.
             The game lasted 00:06:10 (2282 turns).

misha the Ducker (Merfolk Gladiator)                Turns: 2282, Time: 00:06:11

Health: -3/34      AC:  4    Str: 15    XL:     4   Next: 44%
Magic:  4/4        EV: 23    Int:  7    God:
Gold:   80         SH:  0    Dex: 20    Spells: 3/3 levels left

rFire    . . .     SeeInvis .   a - +0 long sword
rCold    . . .     Gourm    .   (no shield)
rNeg     . . .     Faith    .   b - +0 leather armour
rPois    .         Spirit   .   c - +0 helmet
rElec    .         Reflect  .   (no cloak)
rCorr    .         Harm     .   (no gloves)
MR       .....                  (boots currently unavailable)
Stlth    ++++......             (no amulet)
HPRegen  0.11/turn              (no ring)
MPRegen  0.09/turn              (no ring)

@: agile, very quick
A: change form in water, swift swim, stealthy swim
a: no special abilities


You were on level 2 of the Dungeon.
You were not hungry.

You visited 1 branch of the dungeon, and saw 2 of its levels.

You collected 80 gold pieces.

Inventory:

Hand Weapons
 a - a +0 long sword (weapon)
Missiles
 d - 3 throwing nets (quivered)
 g - 107 stones
 j - 8 poisoned tomahawks
 m - 36 sling bullets
 p - 47 arrows
 u - 7 javelins
Armour
 b - a +0 leather armour (worn)
 c - a +0 helmet (worn)
Scrolls
 h - 2 scrolls of magic mapping
 t - a scroll of remove curse
Potions
 i - a potion of invisibility {unknown}
 k - 2 potions of curing {unknown}
 l - 2 potions of ambrosia {unknown}
 n - a potion of brilliance {unknown}
 o - a potion of heal wounds {unknown}
 r - a potion of resistance {unknown}
 s - a potion of mutation {unknown}
Comestibles
 f - 7 rations


   Skills:
 + Level 2.8 Fighting
 + Level 4.1 Long Blades
 + Level 2.5 Throwing
 - Level 0.7 Armour
 - Level 4.7 Dodging
 - Level 0.2 Stealth


You had 3 spell levels left.
You didn't know any spells.
Your spell library was empty.

Dungeon Overview and Level Annotations

Branches:
Dungeon (2/15)

Altars:
Fedhas
Kikubaaqudgha
Qazlal
Uskayaw

Annotations:
D:2 Sigmund


Message History

The magic dart hits you.
Sigmund casts a spell.
Sigmund flickers and vanishes!
Deactivating autopickup; reactivate with Ctrl-A.
Your legs become a tail as you enter the water.
You start resting.
Something closely misses you.
You start resting.
Something closely misses you.
You start resting.
You hear a splashing noise.
Something hits you! Something closely misses you.
No target in view!
No target in view!
No target in view!
You closely miss something. Something hits you!
* * * LOW HITPOINT WARNING * * *
You hit something. You tail-slap something. Something barely misses you.
You barely miss something. Something hits you!
You die...

.....####.#..##.#####.#########.#
###### #.#..##..# #.# #.#
#.#..##..# #.# #.#
######.#..##..## #.# #.#
#..............###.# #.#
#...............##.# #.#
#..........≈≈≈≈..#.# #.#
#.........≈≈≈≈≈≈...# #.#
#.........≈≈≈@≈≈...# #.#
#.........≈≈≈≈{..#.# #.#
#########..≈≈≈≈..#.# #.#
##.......#.# #.# #####.#.#.# #.#
#.....# #.# ####..# #.# #..# #.#
##.## #.#


There were no monsters in sight!

Vanquished Creatures
  4 adders (D:2)
  2 worms (D:2)
  A giant cockroach (D:2)
  5 goblins
  3 hobgoblins
  3 jackals (D:2)
  10 kobolds
  2 ball pythons (D:1)
  3 bats
  7 frilled lizards (D:2)
  6 rats
46 creatures vanquished.

Notes
Turn   | Place    | Note
-------+----------+-------------------------------------------
     0 | D:1      | misha the Merfolk Gladiator began the quest for the Orb.
     0 | D:1      | Reached XP level 1. HP: 16/16 MP: 1/1
   442 | D:1      | Reached XP level 2. HP: 22/22 MP: 2/2
   973 | D:2      | Reached XP level 3. HP: 23/28 MP: 3/3
  1046 | D:2      | Found an ancient bone altar of Kikubaaqudgha.
  1101 | D:2      | Found a hide-covered altar of Uskayaw.
  1602 | D:2      | Found a stormy altar of Qazlal.
  1608 | D:2      | Found a blossoming altar of Fedhas.
  1659 | D:2      | Reached XP level 4. HP: 32/34 MP: 4/4
  1828 | D:2      | Noticed Sigmund
  2282 | D:2      | Slain by Sigmund

Skill      XL: |  1  2  3 |
---------------+----------+-----
Long Blades    | 4 |  4.1
Fighting       | |  2.8
Throwing       | |  2.5
Armour         | |  0.7
Dodging        | |  4.7
Stealth        | |  0.2

Action                   |  1- 3 |  4- 6 || total
-------------------------+-------+-------++-------
Melee: Long sword        |   100 |    30 ||   130
       Tailslap          |       |     1 ||     1
  Use: Scroll            |       |     5 ||     5
       Potion            |       |     2 ||     2
 Stab: Sleeping          |     1 |       ||     1
  Eat: Chunk             |     2 |     2 ||     4
Armor: Leather armour    |    24 |     4 ||    28
       Skin              |       |     5 ||     5
Dodge: Dodged            |    76 |    34 ||   110
       Rpst.: Long sword |    18 |    10 ||    28
